Map: Abyssal Reef LE

Players

Yata - Winner!

  • Race: Zerg Zerg
  • League: Platinum
  • Spawn Location: 5:00

A.I. 1 (Hard)

  • Race: Protoss Protoss
  • Spawn Location: 11:00

VOD

Have the link to the VOD?

Description

Time

  • Played on: Oct. 1, 2017, 11:29 p.m.
  • Length: 11:50
Show
View Real Time Build Order
Export as new Build Order

Yata Zerg - Winner!

Build Orders: Hatch First 

Get SALT Encoding   

  12  0:01  Drone  
  13  0:08  Drone  
  14  0:16  Overlord  
  14  0:35  Drone x3  
  17  0:59  Hatchery, Drone  
  17  1:01  Drone  
  18  1:12  Extractor  
  18  1:16  Spawning Pool  
  18  1:18  Drone  
  17  1:21  Drone  
  18  1:29  Drone  
  19  1:39  Overlord  
  19  1:53  Drone  
  20  2:02  Drone, Queen  
  23  2:11  Queen  
  23  2:14  Zergling x4  
  23  2:15  Metabolic Boost  
  27  2:21  Drone  
  28  2:24  Drone  
  29  2:38  Overlord  
  29  2:43  Drone  
  30  2:50  Drone x2  
  32  2:56  Drone  
  32  2:57  Drone  
  34  3:02  Evolution Chamber  
  34  3:03  Baneling Nest  
  32  3:08  Drone x2  
  34  3:26  Zergling x2  
  34  3:27  Zergling x10  
  36  3:29  Overlord  
  36  3:32  Zerg Melee Weapons Level 1  
  39  3:37  Zergling x2  
  39  3:41  Drone  
  41  3:53  Drone x2  
  41  3:55  Pneumatized Carapace  
  43  4:01  Queen  
  45  4:04  Drone x2  
  45  4:05  Drone x4  
  51  4:27  Overlord x2  
  51  4:28  Overlord  
  43  4:56  Queen  
  45  5:02  Hatchery  
  45  5:06  Extractor  
  45  5:15  Drone x3  
  48  5:22  Lair  
  48  5:26  Zergling x16  
  48  5:27  Zergling x6  
  57  5:32  Queen  
  59  5:40  Drone x4  
  63  5:55  Zergling x2  
  63  5:56  Zergling x8  
  68  6:02  Zerg Missile Weapons Level 1  
  68  6:22  Baneling x2  
  68  6:23  Baneling x5  
  68  6:27  Overlord x3  
  68  6:45  Zergling x12, Queen  
  68  6:46  Zergling x8  
  72  6:53  Queen  
  73  6:58  Drone  
  74  7:02  Overlord x3  
  74  7:03  Overlord x4  
  74  7:20  Hydralisk Den, Queen  
  74  7:21  Queen  
  77  7:28  Zergling x2  
  77  7:29  Queen  
  80  7:31  Overlord x3  
  80  7:33  Zergling x2  
  80  7:34  Zergling x12  
  87  7:55  Drone x8  
  87  7:56  Queen  
  89  8:20  Hydralisk  
  89  8:21  Hydralisk x11  
  106  8:28  Zergling x2  
  106  8:29  Zergling x4  
  109  8:37  Zerg Missile Weapons Level 2  
  109  8:42  Extractor  
  108  8:48  Zergling x2  
  108  8:49  Zergling x22  
  120  9:06  Hydralisk  
  120  9:07  Hydralisk x3  
  128  9:11  Zergling x2  
  128  9:12  Zergling x6  
  132  9:19  Drone x3  
  132  9:20  Extractor, Drone x2  
  136  9:30  Hatchery  
  135  9:40  Drone x2  
  135  9:43  Overlord x3  
  135  9:44  Overlord x2  
  137  9:47  Hatchery  
  136  9:57  Baneling x4  
  136  9:58  Baneling x5  
  136  9:59  Baneling x2  
  136  10:01  Queen x3  
  136  10:07  Hydralisk x5  
  144  10:30  Muscular Augments  
  144  10:34  Extractor, Drone x3  
  142  10:46  Drone x17  
  150  10:53  Hydralisk x4  
  157  11:01  Hydralisk x2  
  157  11:02  Zergling x2  
  157  11:03  Zergling x6  
  161  11:06  Zergling x6  
  161  11:07  Zergling x4  
  161  11:10  Queen  
  167  11:30  Drone x14  
Show
View Real Time Build Order
Export as new Build Order

A.I. 1 (Hard) Protoss 

Build Orders:  

Get SALT Encoding   

  12  0:01  Probe (Chrono Boost)  
  13  0:11  Probe (Chrono Boost)  
  14  0:19  Pylon  
  14  0:22  Probe (Chrono Boost)  
  15  0:37  Probe (Chrono Boost)  
  15  0:39  Gateway  
  16  0:47  Assimilator  
  16  0:48  Probe (Chrono Boost)  
  17  0:58  Probe (Chrono Boost)  
  17  1:02  Pylon  
  18  1:09  Probe (Chrono Boost)  
  19  1:24  Zealot, Probe (Chrono Boost)  
  20  1:27  Cybernetics Core  
  22  1:45  Gateway  
  22  1:49  Assimilator  
  22  2:00  Stalker  
  22  2:04  Pylon  
  24  2:19  Warp Gate  
  24  2:28  Stalker  
  26  2:37  Zealot  
  28  2:48  Pylon  
  28  2:56  Stalker  
  30  3:06  Stalker  
  32  3:17  Probe (Chrono Boost)  
  33  3:25  Stalker  
  35  3:29  Pylon, Probe (Chrono Boost)  
  36  3:34  Stalker  
  36  3:40  Probe (Chrono Boost)  
  39  3:48  Forge  
  39  3:52  Probe (Chrono Boost)  
  39  3:54  Adept  
  42  4:03  Adept  
  42  4:04  Probe (Chrono Boost)  
  45  4:16  Probe (Chrono Boost)  
  46  5:55  Protoss Ground Weapons Level 1  
  46  5:59  Sentry  
  46  6:02  Gateway  
  48  6:05  Robotics Facility  
  48  6:08  Twilight Council  
  48  6:09  Zealot  
  50  6:12  Pylon, Nexus  
  50  6:14  Photon Cannon  
  50  6:17  Photon Cannon  
  50  6:19  Forge  
  50  6:22  Sentry, Stargate  
  52  6:42  Stalker, Blink  
  40  6:47  Protoss Ground Armor Level 1  
  40  6:52  Stalker  
  40  6:54  Observer  
  37  7:02  Stalker  
  39  7:12  Adept  
  39  7:14  Observer  
  41  7:22  Zealot  
  43  7:31  Assimilator  
  43  7:32  Zealot, Probe (Chrono Boost)  
  46  7:39  Assimilator  
  46  7:42  Stalker, Probe (Chrono Boost)  
  50  7:44  Probe (Chrono Boost)  
  50  7:52  Pylon  
  50  7:53  Stalker  
  50  7:54  Probe (Chrono Boost)  
  50  7:56  Probe (Chrono Boost)  
  54  8:03  Stalker  
  54  8:05  Probe (Chrono Boost)  
  57  8:06  Pylon  
  57  8:08  Probe (Chrono Boost)  
  58  8:13  Adept  
  58  8:17  Probe (Chrono Boost)  
  60  8:20  Probe (Chrono Boost)  
  60  8:23  Zealot  
  50  8:29  Probe (Chrono Boost)  
  50  8:32  Probe (Chrono Boost)  
  50  8:33  Adept  
  54  8:40  Probe (Chrono Boost)  
  55  8:43  Zealot, Probe (Chrono Boost)  
  58  8:52  Probe (Chrono Boost)  
  58  8:53  Zealot  
  58  8:55  Probe (Chrono Boost)  
  63  9:03  Stalker, Probe (Chrono Boost)  
  63  9:06  Probe (Chrono Boost)  
  66  9:13  Stalker  
  66  9:14  Probe (Chrono Boost)  
  70  9:17  Probe (Chrono Boost)  
  70  9:21  Photon Cannon  
  70  9:23  Adept  
  72  9:27  Photon Cannon  
  72  10:10  Void Ray, Warp Prism  
  72  10:18  Gateway  
  72  10:43  Stalker, Warp Prism  
  72  10:47  Stalker  
  64  10:55  Phoenix  
  56  11:03  Stalker  
  49  11:07  Zealot  
  49  11:10  Stalker  
  29  11:16  Probe (Chrono Boost)  
  22  11:28  Probe (Chrono Boost)  
Tags
 
League
Platinum
Matchup
PvZ
Replay Pack
Pack 1
Spawn Locations
Cross Positions
Add a new tag
Caveats
  • Supply blocks, unpowered buildings, or Contaminate may cause inaccurate times.
  • Supply counts are checked every 10 seconds.